 Dungeon Crawl Stone Soup version 0.30.0-17-ge0270778cf (webtiles) character file.

Game seed: 15913337330275481250

99 NateTC the Chopper (level 4, -6/40 HPs)
             Began as a Hill Orc Fighter on May 21, 2023.
             Mangled by a gnoll
             ... wielding a +0 halberd
              (7 damage)
             ... on level 3 of the Dungeon.
             The game lasted 00:02:11 (1512 turns).

NateTC the Chopper (Hill Orc Fighter)               Turns: 1512, Time: 00:02:12

Health: -6/40      AC:  8    Str: 20    XL:     4   Next: 72%
Magic:  4/4        EV:  9    Int:  8    God:
Gold:   79         SH:  5    Dex: 10    Spells: 3/3 levels left

rFire   . . .        a - +0 war axe
rCold   . . .        c - +1 buckler
rNeg    . . .        b - +0 scale mail
rPois   .            (no helmet)
rElec   .            h - +0 cloak
rCorr   .            (no gloves)
SInv    .            (no boots)
Will    .....        l - amulet of the acrobat Stlth
                     (no ring)
HPRegen 0.26/turn    (no ring)
MPRegen 0.09/turn

%: acrobat
@: no status effects
A: no striking features
a: no special abilities


You were on level 3 of the Dungeon.
You visited 1 branch of the dungeon, and saw 3 of its levels.

You collected 79 gold pieces.

Inventory:

Hand Weapons
 a - a +0 war axe (weapon)
Armour
 b - a +0 scale mail (worn)
 c - a +1 buckler (worn)
 h - a +0 cloak (worn)
Jewellery
 l - an amulet of the acrobat (around neck)
Wands
 n - a wand of mindburst (11)
Scrolls
 o - a scroll of fear
Potions
 d - 2 potions of might
 e - 2 potions of mutation
 f - 4 potions of haste
 g - a potion of resistance {unknown}
 i - a potion of invisibility {unknown}
 j - a potion of berserk rage {unknown}
 k - 2 potions of lignification {unknown}
 p - a potion of attraction {unknown}
 q - 2 potions of curing {unknown}


   Skills:
 - Level 4.1 Fighting
 * Level 6.0 Axes
 - Level 3.2 Armour
 - Level 3.2 Shields


You had 3 spell levels left.
You didn't know any spells.
Your spell library contained the following spells:

 Spells                   Type           Power      Damage    Failure   Level
 Ensorcelled Hibernation  Hex/Ice        0%         N/A       93%         2
 Passwall                 Tmut/Erth      0%         N/A       93%         2
 Swiftness                Air            0%         N/A       99%         3


Dungeon Overview and Level Annotations

Branches:
Dungeon (3/15) Zot: 16450

Altars:


Message History

You slash the gnoll!
The gnoll is almost dead.
The gnoll hits you from afar with a +0 halberd.
The gnoll barely misses you.
You slash the gnoll!
You kill the gnoll!
The gnoll hits you from afar with a +0 halberd!
Your Axes skill increases to level 6!
The gnoll misses you.
Things that are here:
a +0 whip; a gnoll corpse You hit the gnoll but do no damage.
The gnoll is lightly wounded.
The gnoll hits you with a +0 halberd!
* * * LOW HITPOINT WARNING * * *
The gnoll hits you with a +0 halberd.
* * * LOW HITPOINT WARNING * * *
You hit the gnoll but do no damage.
The gnoll is lightly wounded.
The gnoll hits you but does no damage.
You closely miss the gnoll.
The gnoll is lightly wounded.
The gnoll closely misses you.
You barely miss the gnoll.
The gnoll is lightly wounded.
The gnoll closely misses you.
You barely miss the gnoll.
The gnoll is lightly wounded.
The gnoll barely misses you. x2
You closely miss the gnoll.
The gnoll is lightly wounded.
The gnoll hits you with a +0 halberd.
* * * LOW HITPOINT WARNING * * *
You hit the gnoll but do no damage.
The gnoll is lightly wounded.
The gnoll barely misses you.
You closely miss the gnoll.
The gnoll is lightly wounded.
The gnoll hits you with a +0 halberd!
You die...

##.#.###### ##.# ###.###
#<....## ###.#..#####
###.#(......
#.....######
#############.#...###.##
.....gg@.?.........##b##
#...######.#......###.##
# #........# #.##
###...#### #.## ##.##
#P## #.# ###### ...
...... #.## ######


You could see 2 gnolls.

Vanquished Creatures
  Jessica (D:2)
  2 adders (D:2)
  A gnoll (D:3)
  2 dart slugs
  A worm (D:2)
  4 endoplasms (D:2)
  3 goblins
  4 hobgoblins
  4 quokkas
  4 ball pythons
  2 bats
  A frilled lizard (D:2)
  5 kobolds
  7 rats
41 creatures vanquished.

Notes
Turn   | Place    | Note
-------+----------+-------------------------------------------
     0 | D:1      | NateTC the Hill Orc Fighter began the quest for the Orb.
     0 | D:1      | Reached XP level 1. HP: 19/19 MP: 1/1
    49 | D:1      | Reached skill level 3 in Axes
   172 | D:1      | Reached XP level 2. HP: 26/26 MP: 2/2
   299 | D:1      | Reached skill level 4 in Axes
   630 | D:2      | Reached XP level 3. HP: 25/31 MP: 3/3
   978 | D:2      | Noticed Jessica
   981 | D:2      | Killed Jessica
   982 | D:2      | Reached skill level 5 in Axes
   982 | D:2      | Reached XP level 4. HP: 40/40 MP: 4/4
  1504 | D:3      | Reached skill level 6 in Axes
  1505 | D:3      | HP: 1/40 [gnoll/+0 halberd (6)]
  1510 | D:3      | HP: 1/40 [gnoll/+0 halberd (2)]
  1512 | D:3      | Mangled by a gnoll

Illustrated notes

Levels and vault maps discovered:
D:1:      amcnicky_arrival_single_pillar, layout_rooms, st_stairs_7
D:2:      layout_loops_corners, kennysheep_jessica_study
D:3:      layout_loops_corners, minitemple, serial_aquarium,
          aquarium_bridge_square [aquarium_subvault_bridge,
          aquarium_subvault_bridge, aquarium_subvault_wall,
          aquarium_subvault_bridge], aquarium_bridge_square
          [aquarium_subvault_wall, aquarium_subvault_window,
          aquarium_subvault_window, aquarium_subvault_bridge],
          aquarium_window_corridor_3, aquarium_window_fake, aquarium_window_1,
          aquarium_view_2f, aquarium_balcony_double_1, aquarium_pool_2,
          serial_shops, shop

Skill      XL: |  1  2  3  4 |
---------------+-------------+-----
Axes           | 3 4 5 6 |  6.0
Fighting       | 4 |  4.1
Armour         | |  3.2
Shields        | |  3.2

Action                     |  1- 3 |  4- 6 || total
---------------------------+-------+-------++-------
  Melee: War axe           |    72 |    53 ||   125
    Use: Scroll            |     3 |     3 ||     6
 Armour: Scale mail        |    39 |    15 ||    54
  Dodge: Dodged            |    42 |    37 ||    79
  Block: Buckler           |    15 |    14 ||    29
